 Dungeon Crawl Stone Soup version 0.30.1-9-gdf580d7c3d (webtiles) character file.

Game seed: 9096644963375127202

107 KittyFluff the Cudgeller (level 4, -2/43 HPs)
             Began as a Gargoyle Berserker on Oct 9, 2023.
             Was a Believer of Trog.
             Slain by a gnoll
             ... wielding a +0 whip
             ... led by a gnoll bouda
              (5 damage)
             ... on level 5 of the Dungeon.
             The game lasted 00:08:43 (2389 turns).

KittyFluff the Cudgeller (Gargoyle Berserker)       Turns: 2389, Time: 00:08:43

Health: -2/43      AC:  7    Str: 22    XL:     4   Next: 86%
Magic:  4/4        EV: 11    Int:  8    God:    Trog [**....]
Gold:   215        SH:  0    Dex:  9    Spells: 3/3 levels left

rFire   . . .        a - +0 mace
rCold   + . .        (no shield)
rNeg    + . .        c - +0 leather armour {rC+}
rPois   ∞            (no helmet)
rElec   +            (no cloak)
rCorr   .            (no gloves)
SInv    .            (no boots)
Will    .....        (no amulet) Stlth
                     (no ring)
HPRegen 0.27/turn    (no ring)
MPRegen 0.09/turn

%: no passive effects
@: berserking, very quick
A: sickness immunity, AC +3, negative energy resistance 1, electricity
resistance, torment resistance 1, petrification resistance
a: Renounce Religion, Berserk, Trog's Hand


You were on level 5 of the Dungeon.
You worshipped Trog.
Trog was pleased with you.
You visited 1 branch of the dungeon, and saw 5 of its levels.

You collected 215 gold pieces.

Inventory:

Hand Weapons
 a - a +0 mace (weapon)
Missiles
 r - 3 poisoned darts (quivered)
Armour
 c - a +0 leather armour of cold resistance (worn)
Scrolls
 b - 2 scrolls of poison {unknown}
 d - 2 scrolls of identify {unknown}
 e - 3 scrolls of amnesia {unknown}
 f - a scroll of teleportation {unknown}
 h - a scroll of noise {unknown}
 j - 2 scrolls of fog {unknown}
 k - a scroll of immolation {unknown}
 q - 3 scrolls of magic mapping {unknown}
Potions
 g - 2 potions of invisibility {unknown}
 i - a potion of lignification {unknown}
 l - a potion of magic {unknown}
 m - a potion of cancellation {unknown}
 n - a potion of haste {unknown}
 o - a potion of resistance {unknown}
 p - a potion of degeneration {unknown}


   Skills:
 + Level 3.8 Fighting
 * Level 3.9 Maces & Flails
 * Level 3.5 Armour
 + Level 2.1 Dodging


You had 3 spell levels left.
You didn't know any spells.
Your spell library was empty.

Dungeon Overview and Level Annotations

Branches:
Dungeon (6/15)
 Temple: D:4-7

Altars:


Innate Abilities, Weirdness & Mutations

You are immune to sickness and miasma.
Your stone body is resilient. (AC +3)
You are immune to poison.
You resist negative energy. (rN+)
You are resistant to electric shocks. (rElec)
You are resistant to unholy torment.
You are immune to petrification.


Message History

Found 3 poisoned darts.
Found a stone staircase leading up.
q - 3 scrolls labelled SAESEUTEPH You see here 3 poisoned darts.
r - 3 poisoned darts
There is a stone staircase leading up here.
You climb upwards.
There is a stone staircase leading down here.
A gnoll comes into view. It is wielding a +0 halberd.
Found a cyan potion.
The gnoll shouts!
You hear a shout! 2 gnolls come into view.
The gnoll shouts! x2
The gnoll barely misses you.
A gnoll bouda comes into view. It is wielding a +0 whip.
An iguana comes into view.
The gnoll hits you with a +0 halberd!
You closely miss the gnoll.
The iguana hisses angrily.
The gnoll barely misses you.
The gnoll bouda barks out a call to the hunt!
The gnolls pick up the pace!
You barely miss the gnoll. The gnoll hits you with a +0 halberd!
You closely miss the gnoll. The gnoll hits you with a +0 halberd!
* * * LOW HITPOINT WARNING * * *
A red film seems to cover your vision as you go berserk!
You feel yourself moving faster!
You feel mighty! The gnoll misses you.
You hit the gnoll.
The gnoll is moderately wounded.
The gnoll hits you with a +0 halberd.
* * * LOW HITPOINT WARNING * * *
You closely miss the gnoll.
The gnoll is moderately wounded.
The gnoll hits you but does no damage.
You sock the gnoll!
You kill the gnoll!
Trog accepts your kill.
You closely miss the gnoll. The gnoll barely misses you.
You barely miss the gnoll. The gnoll hits you with a +0 whip.
You die...

## # .. .#
#l#####.#
#gg@....####
#....g##.......#
##### ##.......#
#........#
#........#
#........#
#.>.......
#.##.##.#.
#.##.##.#


You could see a gnoll bouda, an iguana and 2 gnolls.

Vanquished Creatures
  A scorpion (D:6)
  A gnoll (D:5)
  An adder (D:2)
  A dart slug (D:1)
  An orc (D:6)
  5 endoplasms
  3 hobgoblins
  4 jackals (D:2)
  5 bats
  2 frilled lizards (D:1)
  2 goblins
  2 kobolds
  3 rats
31 creatures vanquished.

Notes
Turn   | Place    | Note
-------+----------+-------------------------------------------
     0 | D:1      | KittyFluff the Gargoyle Berserker began the quest for the
                  | Orb.
     0 | D:1      | Reached XP level 1. HP: 14/14 MP: 1/1
   325 | D:1      | Reached XP level 2. HP: 19/19 MP: 2/2
  1224 | D:2      | Reached XP level 3. HP: 19/23 MP: 3/3
  1679 | D:2      | Reached ** piety under Trog
  1740 | D:2      | Found a faded altar of an unknown god.
  1957 | D:3      | You fall into a shaft and drop 3 floors!
  2029 | D:6      | Noticed a scorpion
  2043 | D:6      | Killed a scorpion
  2044 | D:6      | Reached XP level 4. HP: 13/29 MP: 4/4
  2363 | D:5      | Entered Level 5 of the Dungeon
  2385 | D:5      | HP: 2/43 [gnoll/+0 halberd[a gnoll bouda] (6)]
  2389 | D:5      | Slain by a gnoll

Illustrated notes

Levels and vault maps discovered:
D:1:      lightli_arrival_noodles, layout_basic
D:2:      layout_loops_corners, shapermc_ecumenical_altar_pompeii
D:3:      layout_loops_corners
D:5:      layout_loops_cross, gammafunk_temple_overflow_elements,
          minmay_temple_entry_fiery, grunt_tough_drop, uniq_grinder,
          uniq_menkaure, uniq_edmund
D:6:      layout_gridville

Skill      XL: |  1  2  3 |
---------------+----------+-----
Armour         | 3 |  3.5
Dodging        | 2 |  2.1
Fighting       | |  3.8
Maces & Flails | |  3.9

Action                     |  1- 3 |  4- 6 || total
---------------------------+-------+-------++-------
  Melee: Mace              |   108 |     8 ||   116
         Punch             |     2 |       ||     2
 Invoke: Berserk           |       |     1 ||     1
 Armour: Leather armour    |    48 |     1 ||    49
         Animal skin       |     7 |       ||     7
  Dodge: Dodged            |    87 |     4 ||    91
